 Dungeon Crawl Stone Soup version 0.29-a0-492-g10b964d8d7 (webtiles) character file.

Game seed: 15732482211009779616

127 Sosach the Chopper (level 4, -10/41 HPs)
             Began as a Minotaur Fighter on May 27, 2022.
             Mangled by an ogre
             ... wielding a +0 giant club
              (12 damage)
             ... on level 3 of the Dungeon.
             The game lasted 00:15:19 (2097 turns).

Sosach the Chopper (Minotaur Fighter)               Turns: 2097, Time: 00:15:20

Health: -10/41     AC: 10    Str: 22    XL:     4   Next: 85%
Magic:  3/3        EV:  9    Int:  5    God:
Gold:   64         SH:  4    Dex: 10    Spells: 3/3 levels left

rFire   . . .      SeeInvis .   a - +0 war axe
rCold   . . .      Faith    .   c - +0 buckler
rNeg    . . .      Spirit   .   b - +0 scale mail
rPois   .          Reflect  .   (helmet restricted)
rElec   .          Harm     .   (no cloak)
rCorr   .          Rampage  .   (no gloves)
Will    +....                   (no boots)
Stlth   ..........              (no amulet)
HPRegen 0.13/turn               e - +4 ring of protection
MPRegen 0.08/turn               k - ring of willpower

@: mighty
A: horns 2, retaliatory headbutt
a: no special abilities


You were on level 3 of the Dungeon.
You visited 1 branch of the dungeon, and saw 3 of its levels.

You collected 64 gold pieces.

Inventory:

Hand Weapons
 a - a +0 war axe (weapon)
Armour
 b - a +0 scale mail (worn)
 c - a +0 buckler (worn)
Jewellery
 e - a +4 ring of protection (left hand)
 k - a ring of willpower (right hand)
 m - a ring of wizardry
Scrolls
 f - 2 scrolls of amnesia {unknown}
 g - a scroll of fog {unknown}
 h - 2 scrolls of teleportation {unknown}
 j - 3 scrolls of identify {unknown}
Potions
 i - a potion of cancellation {unknown}
 l - a potion of curing {unknown}


   Skills:
 + Level 4.8 Fighting
 * Level 5.3 Axes
 - Level 3.6 Armour
 - Level 3.6 Shields


You had 3 spell levels left.
You didn't know any spells.
Your spell library contained the following spells:

 Spells                   Type           Power      Damage    Failure   Level
 Poisonous Vapours        Pois/Air       0%         N/A       95%         2
 Corpse Rot               Necr/Pois/Air  0%         N/A       100%        4


Dungeon Overview and Level Annotations

Branches:
Dungeon (3/15)

Altars:


Innate Abilities, Weirdness & Mutations

You have a pair of horns on your head.
You reflexively headbutt those who attack you in melee.


Message History

You hit the orc. Your headbutt misses the orc.
The orc is moderately wounded.
The orc hits you but does no damage. The orc misses you.
You barely miss the orc. You headbutt the orc.
The orc is heavily wounded.
You slash the hobgoblin!
You kill the hobgoblin!
The orc hits you but does no damage.
You hit the orc.
You kill the orc!
No target in view!
A ball python comes into view.
The ball python hisses angrily.
Things that are here:
a +0 club; an orc corpse An ogre comes into view.
It is wielding a +0 giant club.
The ogre shouts!
The ball python barely misses you. You furiously retaliate!
You headbutt the ball python, but do no damage.
The ball python barely misses you. The ball python misses you.
You furiously retaliate!
You headbutt the ball python!
You kill the ball python!
A worm comes into view.
Things that are here:
a +0 club; an orc corpse You feel very mighty all of a sudden.
The ogre hits you with a +0 giant club!!
Ouch! That really hurt!
You are too injured to fight recklessly!
You are too injured to fight recklessly!
You slash the ogre!
The ogre is moderately wounded.
The ogre hits you with a +0 giant club!
* * * LOW HITPOINT WARNING * * *
Okay, then.
You completely miss the ogre.
The ogre is moderately wounded.
The ogre hits you with a +0 giant club!
You die...

#########.# #.# ####.# ..
###....####.#
#........##.##
#####............#
#.............##.#
#...........#<....
##.(.......#†##.##'
.######†@.....###<....#.†
.'.....O#####.# #.#####.)
.#####..# #...... #..
#..# #####.#. #..
#w........ #...# #..
#......... ### # #..
.......... #.)
w#......... ###
..#......... .


You could see an ogre and a worm.

Vanquished Creatures
  An orc wizard (D:3)
  An adder (D:3)
  4 gnolls (D:2)
  2 dart slugs
  4 orcs (D:3)
  6 endoplasms
  2 goblins (D:1)
  5 hobgoblins
  A quokka (D:3)
  5 ball pythons
  5 bats
  5 frilled lizards
  2 kobolds
  3 rats
46 creatures vanquished.

Notes
Turn   | Place    | Note
-------+----------+-------------------------------------------
     0 | D:1      | Sosach the Minotaur Fighter began the quest for the Orb.
     0 | D:1      | Reached XP level 1. HP: 19/19 MP: 0/0
   482 | D:1      | Reached XP level 2. HP: 25/27 MP: 1/1
   514 | D:1      | Reached skill level 3 in Axes
  1107 | D:2      | Reached XP level 3. HP: 8/34 MP: 2/2
  1347 | D:2      | Reached skill level 4 in Axes
  1352 | D:2      | Reached XP level 4. HP: 10/41 MP: 3/3
  2028 | D:3      | Reached skill level 5 in Axes
  2089 | D:3      | Noticed an ogre
  2096 | D:3      | HP: 2/41 [ogre/+0 giant club (15)]
  2097 | D:3      | Mangled by an ogre

Illustrated notes

Levels and vault maps discovered:
D:1:      eino_arrival_cavern_b, layout_rooms
D:2:      layout_basic
D:3:      layout_basic, shapermc_ecumenical_altar_acropolis

Skill      XL: |  1  2  3  4 |
---------------+-------------+-----
Fighting       | 4 |  4.8
Axes           | 3 4 5 |  5.3
Armour         | |  3.6
Shields        | |  3.6

Action                   |  1- 3 |  4- 6 || total
-------------------------+-------+-------++-------
Melee: War axe           |    54 |    41 ||    95
       Headbutt          |     8 |     6 ||    14
  Use: Potion            |       |     1 ||     1
Armor: Scale mail        |    16 |    24 ||    40
Dodge: Dodged            |    20 |    17 ||    37
Block: Buckler           |    13 |     7 ||    20

Table legend: (Time is in decaauts)
 A = Elapsed time spent in this place.
 B = Non-inter-level travel time spent in this place.
 C = Inter-level travel time spent in this place.
 D = Time resting spent in this place.
 E = Time spent auto-exploring this place.
 F = Levels seen in this place.
 G = Mean time per level.
                   A        B        C        D        E       F      G
               +--------+--------+--------+--------+--------+-----+--------+
         Total |   2130 |   1059 |   1071 |    718 |     27 |   3 |  710.0 |
       Dungeon |   2130 |   1059 |   1071 |    718 |     27 |   3 |  710.0 |
               +--------+--------+--------+--------+--------+-----+--------+

Top non-repeatable levels by time:
     D:2: 1070 daAuts
     D:1: 857 daAuts
     D:3: 202 daAuts
